 Dungeon Crawl Stone Soup version 0.27.1-33-g824d729ab1 (webtiles) character file.

Game seed: 10352187270513129587

1225 Destapler the Skirmisher (level 8, -12/73 HPs)
             Began as a Minotaur Fighter on Dec 9, 2021.
             Was a High Priest of Elyvilon.
             Mangled by a two-headed ogre (25 damage)
             ... on level 6 of the Dungeon.
             The game lasted 00:04:43 (5040 turns).

Destapler the Skirmisher (Minotaur Fighter)         Turns: 5040, Time: 00:04:44

Health: -12/73     AC:  9    Str: 23    XL:     8   Next: 23%
Magic:  7/7        EV:  8    Int:  5    God:    Elyvilon [*****.]
Gold:   229        SH: 11    Dex: 10    Spells: 7/7 levels left

rFire    . . .     SeeInvis .   a - +0 war axe
rCold    . . .     Faith    .   c - +1 kite shield
rNeg     . . .     Spirit   .   b - +0 scale mail
rPois    .         Reflect  .   (helmet restricted)
rElec    .         Harm     .   (no cloak)
rCorr    +         Rampage  .   (no gloves)
Will     .....                  o - +0 pair of boots
Stlth    ..........             (no amulet)
HPRegen  0.22/turn              e - ring of resist corrosion
MPRegen  0.10/turn              (no ring)

@: no status effects
A: horns 2, retaliatory headbutt
a: Renounce Religion, Lesser Healing, Heal Other, Purification, Greater Healing,
Divine Vigour, Divine Protection


You were on level 6 of the Dungeon.
You worshipped Elyvilon.
Elyvilon was extremely pleased with you.
You visited 1 branch of the dungeon, and saw 6 of its levels.
You also visited: Sewer.

You collected 229 gold pieces.

Inventory:

Hand Weapons
 a - a +0 war axe (weapon)
Missiles
 m - 7 javelins
Armour
 b - a +0 scale mail (worn)
 c - a +1 kite shield (worn)
 o - a +0 pair of boots (worn)
Jewellery
 e - a ring of resist corrosion (left hand)
Scrolls
 f - 2 scrolls of brand weapon {unknown}
 h - 2 scrolls of teleportation
 i - 2 scrolls of enchant armour
 k - 2 scrolls of fear
 l - 8 scrolls of identify {unknown}
 p - a scroll of magic mapping
 q - a scroll of amnesia
 t - a scroll of blinking {unknown}
 u - a scroll of fog
Potions
 d - 2 potions of might
 g - 2 potions of degeneration {unknown}
 j - a potion of brilliance {unknown}
 n - a potion of heal wounds {unknown}
 r - 2 potions of lignification {unknown}
 s - a potion of berserk rage {unknown}
 v - a potion of invisibility {unknown}
 w - a potion of attraction {unknown}
 x - a potion of flight {unknown}


   Skills:
 + Level 7.0 Fighting
 + Level 6.4 Axes
 + Level 6.9 Armour
 + Level 6.9 Shields


You had 7 spell levels left.
You didn't know any spells.
Your spell library contained the following spells:

 Spells                   Type           Power      Damage    Failure   Level
 Apportation              Tloc           0%         N/A       98%         1
 Alistair's Intoxication  Tmut/Pois      0%         N/A       100%        5
 Invisibility             Hex            0%         N/A       100%        6


Dungeon Overview and Level Annotations

Branches:
Dungeon (6/15)             Temple (0/1) D:6           Sewer (visited)

Altars:
Elyvilon
Kikubaaqudgha


Innate Abilities, Weirdness & Mutations

You have a pair of horns on your head.
You reflexively headbutt those who attack you in melee.


Message History

Found a stone staircase leading up.
There is a stone staircase leading up here.
Found a scroll labelled HAPPEBRO TEXAE.
f - 2 scrolls labelled HAPPEBRO TEXAE (gained 1)
An orc priest, a two-headed ogre and a skeleton come into view.
Found a short sword and a manual of Staves.
The two-headed ogre shouts in stereo!
The orc priest shouts!
A shadow comes into view.
There are monsters nearby!
The orc priest looks satisfied for a moment.
An iguana comes into view.
The shadow slips into darkness.
The shadow flickers and vanishes!
Deactivating autopickup; reactivate with Ctrl-A.
The iguana hisses angrily.
You hit the orc priest. Your headbutt misses the orc priest.
The orc priest is lightly wounded.
The orc priest looks encouraged for a moment.
A water moccasin skeleton comes into view.
You slash the two-headed ogre!
The two-headed ogre is lightly wounded.
The orc priest looks satisfied for a moment.
The two-headed ogre hits you with a +0 giant club!
The two-headed ogre completely misses you.
You slash the two-headed ogre!
Your headbutt misses the two-headed ogre.
The two-headed ogre is moderately wounded.
The two-headed ogre hits you with a +0 giant club.
The two-headed ogre hits you with a +0 giant club!!
You barely miss the two-headed ogre.
Your headbutt misses the two-headed ogre.
The two-headed ogre is moderately wounded.
The two-headed ogre barely misses you. You furiously retaliate!
You headbutt the two-headed ogre! You block the two-headed ogre's attack.
You barely miss the two-headed ogre. You headbutt the two-headed ogre.
The two-headed ogre is heavily wounded.
The two-headed ogre hits you with a +0 giant club!!
* * * LOW HITPOINT WARNING * * *
The two-headed ogre hits you with a +0 giant club!!
You die...

#.#
############.#
#............#
#....##.######
...#....# .
#.#..#
###..###
#####{##...#
...ZZoO@##.#
#####l##...# .
# .### . .# +
.# .# .# .#


You could see a two-headed ogre, an iguana, an orc priest and 2 water moccasin
skeletons.

Vanquished Creatures
  A water moccasin (D:5)
  A black bear (D:3)
  2 ogres
  A necrophage (D:5)
  A centaur (D:5)
  A phantom (D:4)
  A scorpion (D:4)
  A wyvern skeleton (D:5)
  A water moccasin skeleton (D:4)
  A centaur zombie (D:5)
  An orc priest (D:4)
  A bullfrog skeleton (D:4)
  2 centaur skeletons
  A hound (D:4)
  2 jellies
  An iguana (D:6)
  An adder (D:6)
  9 river rats (Sewer)
  A white imp (D:5)
  An adder skeleton (D:5)
  2 worms (D:2)
  6 dart slugs
  15 orcs
  6 endoplasms
  8 giant cockroaches
  4 goblins
  7 hobgoblins
  A jackal (D:1)
  7 ball pythons
  2 bats
  13 frilled lizards
  4 kobolds
  16 rats
122 creatures vanquished.

Vanquished Creatures (others)
  3 fungi (D:1)
  2 plants (D:1)
5 creatures vanquished.

Grand Total: 127 creatures vanquished

Notes
Turn   | Place    | Note
-------+----------+-------------------------------------------
     0 | D:1      | Destapler the Minotaur Fighter began the quest for the Orb.
     0 | D:1      | Reached XP level 1. HP: 19/19 MP: 0/0
   102 | D:1      | Reached XP level 2. HP: 27/27 MP: 1/1
   269 | D:1      | Found a faded altar of an unknown god.
   279 | D:1      | Became a worshipper of Elyvilon the Healer
   279 | D:1      | Reached * piety under Elyvilon
   317 | D:1      | Reached skill level 4 in Fighting
   442 | D:1      | Reached XP level 3. HP: 33/33 MP: 2/2
   766 | D:2      | Found an ancient bone altar of Kikubaaqudgha.
   821 | D:2      | Reached ** piety under Elyvilon
  1822 | D:3      | Reached *** piety under Elyvilon
  1980 | D:3      | Reached XP level 4. HP: 39/41 MP: 3/3
  2218 | D:3      | Noticed a black bear
  2226 | D:3      | Killed a black bear
  2227 | D:3      | Reached XP level 5. HP: 31/47 MP: 4/4
  2610 | D:4      | Reached skill level 5 in Fighting
  2610 | D:4      | Reached skill level 5 in Armour
  2610 | D:4      | Reached skill level 5 in Shields
  2611 | D:4      | Found a glowing drain.
  2624 | Sewer    | Entered a sewer
  2690 | Sewer    | Reached XP level 6. HP: 47/56 MP: 5/5
  3341 | D:4      | Reached skill level 5 in Axes
  3348 | D:4      | Reached XP level 7. HP: 46/62 MP: 6/6
  3479 | D:4      | Reached **** piety under Elyvilon
  3870 | D:5      | Entered Level 5 of the Dungeon
  3897 | D:5      | Reached skill level 6 in Fighting
  4469 | D:5      | Reached XP level 8. HP: 71/71 MP: 7/7
  4797 | D:6      | Found a staircase to the Ecumenical Temple.
  4811 | D:6      | Reached ***** piety under Elyvilon
  4869 | D:6      | Reached skill level 7 in Fighting
  5034 | D:6      | Noticed a two-headed ogre
  5040 | D:6      | Mangled by a two-headed ogre

Illustrated notes

Levels and vault maps discovered:
D:1:      scummos_arrival_star, layout_loops_ring,
          shapermc_ecumenical_altar_mp_urbaneastern, chequers_decorated_corner,
          minmay_split_cup_large
D:2:      layout_basic, basic_altar
D:3:      layout_basic
D:4:      layout_basic, portal_sewer_entry_f
D:5:      layout_loops_ring
D:6:      lemuel_castle_with_subvaults [lemuel_castle_interior_carwin_1],
          layout_loops_ring, good_gods_mini_temple, minmay_temple_entry_slanted,
          minmay_manual_monstrance

Skill      XL: |  1  2  3  4  5  6  7  8 |
---------------+-------------------------+-----
Fighting       | 4 5 6 7 |  7.0
Shields        | 4 5 6 |  6.9
Armour         | 4 5 6 |  6.9
Axes           | 3 4 5 6 |  6.4

Action                   |  1- 3 |  4- 6 |  7- 9 || total
-------------------------+-------+-------+-------++-------
Melee: War axe           |    84 |   135 |    89 ||   308
       Headbutt          |    15 |    21 |    16 ||    52
  Use: Scroll            |       |     9 |       ||     9
Armor: Scale mail        |    28 |    52 |    56 ||   136
Dodge: Dodged            |    30 |    37 |    25 ||    92
Block: Kite shield       |    30 |    91 |    67 ||   188
